 Dungeon Sprint DCSS version 0.20-a0-1043-gbd57889 (webtiles) character file.

58 Deathtrap2010 the Ducker (level 3, -6/40 HPs)
             Began as a Troll Fighter on Apr 24, 2017.
             Killed by divine providence
             ... invoked by an oklob sapling priest
              (12 damage)
             ... in the Dungeon (Sprint IV: "Fedhas' Mad Dash").
             The game lasted 00:01:03 (78 turns).

Deathtrap2010 the Ducker (Troll Fighter)              Turns: 78, Time: 00:01:03

Health: -6/40      AC:  5    Str: 25    XL:     3   Next: 75%
Magic:  2/2        EV: 11    Int:  4    God:
Gold:   58         SH:  0    Dex:  9    Spells: 2/2 levels left

rFire    . . .     SeeInvis .     - Unarmed
rCold    . . .     Gourm    +   (no shield)
rNeg     . . .     Faith    .   a - +0 robe
rPois    .         Spirit   .   (helmet restricted)
rElec    .         Reflect  .   (no cloak)
rCorr    .         Harm     .   (gloves unavailable)
MR       .....     NoTele   +   (boots unavailable)
Stlth    +.........             k - amulet of invisibility {+Inv}
Regen    0.6/turn               (no ring)
MPRegen  0.1/turn               (no ring)

@: lethally poisoned (-6 -> -7)
A: unfitting armour, claws 3, fast metabolism 3, gourmand, regeneration 1,
shaggy fur 1, tough skin 2
a: Evoke Invisibility


You were in the Dungeon.
You were not hungry.

You visited 1 branch You collected 58 gold pieces.

Inventory:

Armour
 a - a +0 robe (worn)
Jewellery
 k - the amulet of invisibility (around neck) {+Inv}
   (You found it in the Dungeon)

   [amulet of nothing]

   It lets you turn invisible.
Scrolls
 b - a scroll of identify
 j - a scroll of blinking
Potions
 c - a potion of might
 e - a potion of curing
 g - a potion of haste
 h - 2 potions of magic
 i - a potion of berserk rage
Comestibles
 d - 2 bread rations


   Skills:
 * Level 4.5 Fighting
 * Level 4.7 Dodging
   Level 2.4 Shields
 * Level 3.6 Unarmed Combat


You had 2 spell levels left.
You didn't know any spells.

Dungeon Overview and Level Annotations

Branches:
Dungeon (1/1)

Altars:
Cheibriados
Dithmenos
Elyvilon
Gozag
Hepliaklqana
Kikubaaqudgha
Makhleb
Nemelex Xobeh
Okawaru
Qazlal
Ru
Sif Muna
Trog
Uskayaw
Vehumet
Wu Jian
Xom
Yredelemnul
Zin
The Shining One
Beogh
Jiyva
Lugonu

Annotations:
D exclusion: oklob sapling


Innate Abilities, Weirdness & Mutations

You are too large for most types of armour.
You have claws for hands.
Your metabolism is lightning-fast.
You like to eat raw meat.
Your natural rate of healing is unusually fast.
You are covered in fur. (AC +1)
You have very tough skin. (AC +2)


Message History

You open the door.
Found ten altars.
Marking area around the oklob sapling priest as unsafe for travelling.
An oklob sapling priest comes into view.
The oklob sapling priest spits acid at you.
The splash of acid hits you!
You are splashed with acid!
The acid burns!
Found three altars.
There is an open door here.
You feel sick.
Found three altars.
The oklob sapling priest miscasts a cantrip.
Found two altars.
The oklob sapling priest spits acid at you.
The splash of acid hits you!
You are splashed with acid!
The acid burns!
* * * LOW HITPOINT WARNING * * *
Found three altars.
There is an opulent altar of Gozag here.
The oklob sapling priest calls down the wrath of its god upon you.
Something smites you!
You die...

########################
#.†...#.....#.⌠._._._._.
'.†...'.#†(.'.._@_._._._
#.....#.#...#..._._P_._.
##########+##.._._._._._
#._._._._._.
############


You could see an oklob sapling priest.

Vanquished Creatures
  An oklob sapling (D)
  A worker ant (D)
  A river rat (D)
  A rat (D)
4 creatures vanquished.

Notes
Turn   | Place    | Note
-------+----------+-------------------------------------------
     0 | D        | Deathtrap2010 the Troll Fighter began the quest for the Orb.
     0 | D        | Reached XP level 1. HP: 22/22 MP: 0/0
    17 | D        | Reached XP level 2. HP: 28/31 MP: 1/1
    27 | D        | Noticed an oklob sapling
    30 | D        | Killed an oklob sapling
    30 | D        | Reached XP level 3. HP: 39/39 MP: 2/2
    73 | D        | Found an opulent altar of Gozag.
    73 | D        | Found a hazy altar of Hepliaklqana.
    73 | D        | Found a burning altar of Makhleb.
    73 | D        | Found a roughly hewn altar of Beogh.
    73 | D        | Found a sparkling altar of Nemelex Xobeh.
    73 | D        | Found a snail-covered altar of Cheibriados.
    73 | D        | Found a sacrificial altar of Ru.
    73 | D        | Found a deep blue altar of Sif Muna.
    73 | D        | Found a shimmering altar of Xom.
    73 | D        | Found a basalt altar of Yredelemnul.
    74 | D        | Found a viscous altar of Jiyva.
    74 | D        | Found a bloodstained altar of Trog.
    74 | D        | Found an ornate altar of the Wu Jian Council.
    74 | D        | Noticed an oklob sapling priest
    75 | D        | Found an iron altar of Okawaru.
    75 | D        | Found a shadowy altar of Dithmenos.
    75 | D        | Found a glowing silver altar of Zin.
    76 | D        | Found an ancient bone altar of Kikubaaqudgha.
    76 | D        | Found a hide-covered altar of Uskayaw.
    77 | D        | Found a stormy altar of Qazlal.
    77 | D        | Found a white marble altar of Elyvilon.
    77 | D        | Found a glowing golden altar of the Shining One.
    78 | D        | Found a corrupted altar of Lugonu.
    78 | D        | Found a radiant altar of Vehumet.
    78 | D        | Killed from afar by an oklob sapling priest

Vault maps used:
D:        dungeon_sprint_fedhas

Skill      XL: |  1  2 |
---------------+-------+-----
Fighting       | 3 4 |  4.5
Dodging        | 3 4 |  4.7
Unarmed Combat | 3 |  3.6
Shields        | |  2.4

Action                   || total
-------------------------++-------
Melee: Unarmed           ||    25
  Use: Scroll            ||     1
       Potion            ||     1
Armor: Robe              ||     8
Dodge: Dodged            ||    13
